 Dungeon Crawl Stone Soup version 0.21.1-1-g345015fe64 (webtiles) character file.

11792 DildoBatman the Jinx (level 12, -15/91 HPs)
             Began as a Formicid Enchanter on Mar 31, 2018.
             Was a High Priest of Sif Muna.
             Demolished by a minotaur
             ... wielding a +1 hand axe of chopping
              (16 damage)
             ... in a labyrinth.
             The game lasted 01:14:15 (18721 turns).

DildoBatman the Jinx (Formicid Enchanter)          Turns: 18721, Time: 01:14:16

Health: -15/91     AC:  6    Str: 17    XL:     12   Next: 12%
Magic:  3/21       EV: 14    Int: 16    God:    Sif Muna [*****.]
Gold:   645        SH:  4    Dex: 11    Spells: 15/24 levels left

rFire    + . .     SeeInvis +   b - +1 morningstar (venom)
rCold    x . .     Gourm    .   w - +0 buckler
rNeg     . . .     Faith    .   G - +1 robe {Archmagi}
rPois    .         Spirit   .   (helmet unavailable)
rElec    .         Reflect  .   R - +0 cloak
rCorr    .         Harm     .   (no gloves)
MR       +....                  f - +0 pair of boots
Stlth    +++.......             (no amulet)
HPRegen  0.25/turn              h - ring of fire
MPRegen  0.17/turn              (no ring)

@: no status effects
A: permanent stasis, dig shafts and tunnels, four strong arms, antennae 3
a: Dig, Shaft Self, Divine Energy, Channel Magic, Forget Spell, Renounce
Religion


You were in a labyrinth.
You worshipped Sif Muna.
Sif Muna was extremely pleased with you.
You were not hungry.

You visited 3 branches of the dungeon, and saw 12 of its levels.
You also visited: Labyrinth and Sewer.

You collected 645 gold pieces.

Inventory:

Hand Weapons
 a - a +2 spear of piercing
 b - a +1 morningstar of venom (weapon)
 c - a +1 shortbow of flaming
 i - a +0 war axe of electrocution
 k - a cursed -2 spear
 p - a cursed -1 short sword
Missiles
 d - 38 stones (quivered)
 e - 6 needles of confusion
 g - 41 sling bullets
 m - 186 arrows
 s - 6 needles of sleeping
Armour
 f - a +0 pair of boots (worn)
 n - a +0 ring mail
 w - a +0 buckler (worn)
 G - a +1 robe of the Archmagi (worn)
 I - the +1 robe of Shielding {rC- rN+ SInv, unknown}
   (You found it in a labyrinth)

   It makes you vulnerable to cold.
   It protects you from negative energy.
   It lets you see invisible.
 J - +1 steam dragon scales
 M - a +2 robe of magic resistance
 R - a +0 cloak (worn)
 S - a +1 leather armour of fire resistance
 Y - a +0 chain mail of cold resistance
Magical Staves
 t - an uncursed staff of air {unknown}
 A - an uncursed staff of death {unknown}
Jewellery
 h - a ring of fire (left hand)
 l - an uncursed amulet of guardian spirit
 u - an uncursed ring of wizardry {unknown}
 B - a +3 ring of dexterity {unknown}
 C - the amulet of Ryurin {RegenMP Stlth+, unknown}
   (You found it in a labyrinth)

   [amulet of magic regeneration]

   It increases your magic regeneration.
   It makes you more stealthy.
Wands
 y - a wand of acid (3)
 H - a wand of scattershot (4)
 P - a wand of iceblast (14)
Scrolls
 q - a scroll of magic mapping
 x - 5 scrolls of remove curse
 z - 4 scrolls of identify
 E - a scroll of enchant weapon
Potions
 o - a potion of heal wounds {unknown}
 r - a potion of brilliance {unknown}
 D - a potion of invisibility
 F - 6 potions of curing
Books
 j - Qiamituch's Guide on Aid and Weightlessness
   (Sif Muna gifted it to you on level 10 of the Dungeon)

   Spells                             Type                      Level
   a - Shock                          Conjuration/Air              1
   b - Shroud of Golubria             Charms/Translocation         2
   c - Swiftness                      Charms/Air                   2
   d - Spectral Weapon                Hexes/Charms                 3
   e - Airstrike                      Air                          4
   f - Freezing Cloud                 Conjuration/Ice/Air          6
Comestibles
 v - 9 rations


   Skills:
 * Level 7.5 Fighting
 - Level 1.0 Short Blades
 * Level 6.7 Armour
 * Level 4.5 Dodging
 * Level 6.7 Stealth
 * Level 2.3 Shields
 * Level 6.5 Spellcasting
 * Level 14.2 Hexes
 * Level 1.0 Charms
 * Level 0.7 Air Magic
 - Level 5.0 Evocations


You had 15 spell levels left.
You knew the following spells:

 Your Spells              Type           Power        Failure   Level  Hunger
a - Corona                Hex            ######.      1%          1    None
b - Confuse               Hex            ######..     1%          3    ##.....
c - Spectral Weapon       Hex/Chrm       #####...     1%          3    ##.....
h - Swiftness             Chrm/Air       ##......     14%         2    None


Dungeon Overview and Level Annotations

Branches:
Dungeon (10/15)            Temple (1/1) D:4            Lair (1/6) D:10
    Orc: D:9-12

Altars:
Ashenzari
Cheibriados
Dithmenos
Elyvilon
Fedhas
Gozag
Hepliaklqana
Kikubaaqudgha
Makhleb
Nemelex Xobeh
Okawaru
Qazlal
Ru
Sif Muna
Trog
Uskayaw
Vehumet
Wu Jian
Xom
Yredelemnul
Zin
The Shining One

Shops:
D:5 :   D:6 }   D:8 }:((

Annotations:
D:6 FTLSpaceWarp's ghost, novice TrMo
D:9 exclusions: fire giant and 2 more exclusions, Erolcha
Lair:1 Nergalle


Innate Abilities, Weirdness & Mutations

You cannot be hasted, slowed, berserked, paralysed or teleported.
You can dig through walls and to a lower floor.
Your four strong arms can wield two-handed weapons with a shield.
You have a pair of large antennae on your head. (SInv)


Message History

You feel a surge of power!
The minotaur resists with almost no effort.
Casting: Confuse
Confirm with . or Enter, or press ? or * to list all spells.
Aiming: Confuse
Press: ? - help, Shift-Dir - straight line, f/p - minotaur
Aim: a minotaur, wielding a hand axe of chopping, wearing a runed chain mail and wearing a glowing iron ring (lightly wounded, poisoned, chance to defeat MR: 46%)
You feel a surge of power!
The minotaur resists with almost no effort.
The minotaur hits you but does no damage.
The minotaur gores you!
Casting: Confuse
Confirm with . or Enter, or press ? or * to list all spells.
You don't have enough magic to cast that spell.
You completely miss the minotaur.
The minotaur furiously retaliates!
The minotaur headbutts you.
The minotaur is lightly wounded.
The minotaur hits you with a hand axe of chopping!
You die...

#...# .. ....
#.#.# # .##
#.#.#
#.....#.
#.#H#####
#.#.# #
#.#.........#
#. #.#.##
####. . #
#.#.# .# . #
. #H#.#.##
#.### #@#. .
.. #####


You could see a minotaur.

Vanquished Creatures
  3 two-headed ogres
  A spiny frog (Lair:1)
  A gargoyle (D:10)
  2 centaur skeletons (D:10)
  A hornet (D:10)
  Grinder (D:4)
  13 yaks
  Sigmund (D:1)
  Eustachio (D:4)
  2 hell hounds (D:10)
  Duvessa (D:3)
  2 porcupines (Lair:1)
  A meliai simulacrum (D:10)
  10 orc warriors
  An ice beast (D:5)
  9 ogres
  A necrophage (D:10)
  2 sky beasts
  2 phantoms
  3 centaurs
  2 crocodiles
  5 big kobolds
  A bullfrog (D:7)
  A gnoll sergeant (D:9)
  4 scorpions
  Dowan (D:3)
  12 killer bees
  3 wights
  4 howler monkeys
  An electric eel (D:7)
  2 crimson imps
  A bullfrog zombie (D:7)
  3 centaur zombies
  6 hounds
  7 orc priests
  3 jellies
  9 orc wizards
  Ijyb (D:4)
  4 bullfrog skeletons
  2 gnoll shamans (D:7)
  4 worker ants
  3 iguanas
  21 gnolls
  15 adders
  A river rat (Sewer)
  3 shadow imps
  7 oozes (Sewer)
  3 adder skeletons
  5 worms
  4 dart slugs
  5 leopard geckos
  45 orcs
  6 ball pythons
  8 giant cockroaches
  9 goblins
  10 hobgoblins
  8 jackals
  3 quokkas
  3 bats
  6 frilled lizards
  14 kobolds
  11 rats
  A spectral weapon (Lab)
325 creatures vanquished.

Vanquished Creatures (others)
  2 fungi (D:7)
  2 plants (D:7)
4 creatures vanquished.

Grand Total: 329 creatures vanquished

Notes
Turn   | Place    | Note
-------+----------+-------------------------------------------
     0 | D:1      | DildoBatman the Formicid Enchanter began the quest for the Orb.
     0 | D:1      | Reached XP level 1. HP: 13/13 MP: 3/3
   245 | D:1      | Reached skill level 1 in Fighting
   402 | D:1      | Reached XP level 2. HP: 21/21 MP: 3/5
   797 | D:1      | Reached XP level 3. HP: 17/28 MP: 3/6
   918 | D:1      | Learned a level 3 spell: Confuse
  2145 | D:2      | Reached XP level 4. HP: 34/35 MP: 5/7
  2215 | D:2      | Found a sacrificial altar of Ru.
  2310 | D:2      | Reached skill level 1 in Armour
  2671 | D:2      | Noticed Sigmund
  2844 | D:2      | Found an iron altar of Okawaru.
  2877 | D:3      | Found a glowing drain.
  3086 | Sewer    | Entered a sewer
  3138 | Sewer    | Noticed a big kobold
  3155 | Sewer    | Killed a big kobold
  3155 | Sewer    | Reached XP level 5. HP: 23/41 MP: 5/8
  3742 | Sewer    | Reached XP level 6. HP: 45/47 MP: 7/9
  4085 | Sewer    | Reached skill level 5 in Fighting
  4085 | Sewer    | Reached XP level 7. HP: 17/56 MP: 10/10
  4922 | D:3      | Found a shattered altar of Ashenzari.
  5145 | D:3      | Noticed Grinder
  5187 | D:4      | Noticed Duvessa
  5187 | D:4      | Noticed Dowan
  5311 | D:4      | Noticed Ijyb
  5778 | D:4      | Reached skill level 5 in Stealth
  5808 | D:4      | Found a staircase to the Ecumenical Temple.
  5813 | Temple   | Entered the Ecumenical Temple
  6059 | Temple   | Became a worshipper of Sif Muna the Loreminder
  6175 | D:4      | Noticed Eustachio
  6199 | D:4      | Killed Eustachio
  6199 | D:4      | Reached skill level 4 in Hexes
  6199 | D:4      | Reached XP level 8. HP: 51/64 MP: 9/12
  6230 | D:4      | Reached skill level 5 in Armour
  6345 | D:4      | Found a white marble altar of Elyvilon.
  6472 | D:4      | Found a hide-covered altar of Uskayaw.
  6538 | D:5      | Entered Level 5 of the Dungeon
  6964 | D:5      | Found a burning altar of Makhleb.
  7083 | D:5      | Found Asicimas's Book Shoppe.
  7464 | D:5      | Reached skill level 5 in Hexes
  7610 | D:4      | Killed Ijyb
  7635 | D:4      | Killed Grinder
  7635 | D:4      | Reached * piety under Sif Muna
  7635 | D:4      | Reached skill level 7 in Hexes
  8322 | D:1      | Killed Sigmund
  8322 | D:1      | Reached skill level 8 in Hexes
  8322 | D:1      | Reached XP level 9. HP: 56/69 MP: 8/13
  8610 | D:3      | Killed Dowan
  8966 | D:3      | Killed Duvessa
  9422 | D:6      | Noticed FTLSpaceWarp's ghost (novice TrMo)
  9435 | D:6      | Reached skill level 9 in Hexes
  9497 | D:6      | Found Loanuz's Gadget Emporium.
  9786 | D:5      | Reached ** piety under Sif Muna
  9972 | D:6      | Got a jewelled dagger
 10170 | D:6      | Reached skill level 10 in Hexes
 10994 | D:7      | Reached skill level 5 in Spellcasting
 11295 | D:7      | Reached *** piety under Sif Muna
 11320 | D:7      | Reached XP level 10. HP: 61/76 MP: 11/17
 11330 | D:7      | Reached skill level 11 in Hexes
 12002 | D:7      | Reached skill level 12 in Hexes
 12325 | D:7      | Reached skill level 1 in Evocations
 13081 | D:7      | Found a sparkling altar of Nemelex Xobeh.
 13576 | D:8      | Found Doklix's Weapon Boutique.
 13698 | D:8      | Reached **** piety under Sif Muna
 13895 | D:8      | Found Himef's Antique Weapon Shop.
 14165 | D:8      | Found a snail-covered altar of Cheibriados.
 14255 | D:8      | Found Elofya's Book Boutique.
 14266 | D:8      | Noticed a two-headed ogre
 14311 | D:8      | Killed a two-headed ogre
 14484 | D:8      | Reached XP level 11. HP: 54/83 MP: 1/19
 14510 | D:8      | Found Ukit Itruo's Gadget Shop.
 14731 | D:9      | Noticed a two-headed ogre
 14760 | D:9      | Killed a two-headed ogre
 14767 | D:9      | Noticed a two-headed ogre
 14788 | D:9      | Killed a two-headed ogre
 14914 | D:9      | Reached skill level 13 in Hexes
 15576 | D:9      | Reached skill level 14 in Hexes
 15890 | D:9      | Noticed a fire giant
 16010 | D:9      | Noticed Erolcha
 16252 | D:10     | Entered Level 10 of the Dungeon
 16341 | D:10     | Found a snail-covered altar of Cheibriados.
 16370 | D:10     | Found a staircase to the Lair.
 16732 | D:10     | Reached skill level 1 in Shields
 17000 | D:10     | Reached ***** piety under Sif Muna
 17335 | D:10     | Identified Qiamituch's Guide on Aid and Weightlessness (Sif Muna gifted it to you on level 10 of the Dungeon)
 17335 | D:10     | Received a gift from Sif Muna
 17356 | D:10     | Learned a level 3 spell: Spectral Weapon
 17359 | D:10     | Learned a level 2 spell: Swiftness
 17454 | D:10     | Reached XP level 12. HP: 81/91 MP: 16/21
 17479 | D:10     | Reached skill level 5 in Evocations
 17740 | Lair:1   | Entered Level 1 of the Lair of Beasts
 17907 | Lair:1   | Noticed Nergalle
 17944 | Lair:1   | Reached skill level 1 in Charms
 17986 | Lair:1   | Found a labyrinth entrance.
 18019 | Lab      | Entered a labyrinth
 18313 | Lab      | Noticed a minotaur
 18699 | Lab      | HP: 4/91 [minotaur/hand axe of chopping (4)]
 18706 | Lab      | Got a slimy graven amulet
 18707 | Lab      | Got a fabulously ornate robe
 18716 | Lab      | HP: 1/91 [minotaur/hand axe of chopping (8)]
 18721 | Lab      | HP: 1/91 [minotaur's headbutt (1)]
 18721 | Lab      | Demolished by a minotaur

Skill      XL: |  1  2  3  4  5  6  7  8  9 10 11 12 |
---------------+-------------------------------------+-----
Fighting       | 1 2 3 5 6 7 |  7.5
Dodging        | 2 3 4 |  4.5
Armour         | 3 4 5 6 |  6.7
Stealth        | 4 5 6 |  6.7
Hexes          | 4 8 10 12 14 | 14.2
Spellcasting   | 3 5 6 |  6.5
Evocations     | 2 4 5 |  5.0
Shields        | 2 |  2.3
Charms         | 1 |  1.0
Short Blades   | |  1.0
Air Magic      | |  0.7

Action                   |  1- 3 |  4- 6 |  7- 9 | 10-12 || total
-------------------------+-------+-------+-------+-------++-------
Melee: Dagger            |   129 |       |   277 |   472 ||   878
       Quarterstaff      |    11 |   120 |   272 |     4 ||   407
       Rapier            |       |       |       |    37 ||    37
       Spear             |       |       |       |   136 ||   136
       Morningstar       |       |       |       |    12 ||    12
 Fire: Shortbow          |       |       |       |    89 ||    89
Throw: Stone             |       |     2 |       |       ||     2
 Cast: Corona            |    33 |    48 |   107 |    74 ||   262
       Confuse           |       |     1 |    54 |   164 ||   219
       Spectral Weapon   |       |       |       |    12 ||    12
 Abil: Dig               |     2 |     3 |    17 |    24 ||    46
Evoke: Wand              |       |       |       |     1 ||     1
  Use: Scroll            |       |       |     3 |     6 ||     9
 Stab: Sleeping          |     3 |       |     2 |       ||     5
       Confused          |       |       |    24 |    61 ||    85
       Distracted        |       |       |     1 |     1 ||     2
  Eat: Chunk             |     5 |     8 |    27 |    32 ||    72
       Ration            |       |       |     1 |     2 ||     3
Armor: Robe              |    18 |       |     2 |     4 ||    24
       Ring mail         |     2 |    48 |   190 |   131 ||   371
       Chain mail        |       |       |       |    26 ||    26
Dodge: Dodged            |    74 |    71 |   372 |   239 ||   756
Block: Buckler           |       |       |       |     8 ||     8
